 Dungeon Crawl Stone Soup version 0.30-a0-972-gf3ab3527aa (webtiles) character file.

Game seed: 17241467386089003907

105 Ahpoh the Slasher (level 4, -3/27 HPs)
             Began as a Gargoyle Gladiator on Mar 31, 2023.
             Slain by a black bear (5 damage)
             ... on level 4 of the Dungeon.
             The game lasted 00:08:15 (2343 turns).

Ahpoh the Slasher (Gargoyle Gladiator)              Turns: 2343, Time: 00:08:18

Health: -3/27      AC: 13    Str: 18    XL:     4   Next: 83%
Magic:  4/4        EV:  3    Int:  8    God:
Gold:   230        SH: 11    Dex: 13    Spells: 3/3 levels left

rFire   . . .      SeeInvis .    a - +0 long sword
rCold   . . .      Faith    .    g - +0 tower shield
rNeg    + . .      Spirit   .    u - +0 chain mail
rPois   ∞          Reflect  .    c - +0 helmet
rElec   +          Rampage  .    (no cloak)
rCorr   .                        (no gloves)
Will    .....                    k - +0 pair of boots Stlth
                                 (no amulet)
HPRegen 0.24/turn                (no ring)
MPRegen 0.09/turn                (no ring)

@: no status effects
A: sickness immunity, AC +3, negative energy resistance 1, electricity
resistance, torment resistance 1, petrification resistance
a: no special abilities


You were on level 4 of the Dungeon.
You visited 1 branch of the dungeon, and saw 4 of its levels.

You collected 230 gold pieces.

Inventory:

Hand Weapons
 a - a +0 long sword (weapon)
Missiles
 e - a javelin (quivered)
 o - 2 poisoned darts
Armour
 b - a +0 leather armour
 c - a +0 helmet (worn)
 g - a +0 tower shield (worn)
 k - a +0 pair of boots (worn)
 u - a +0 chain mail (worn)
 v - a +0 pair of gloves
Jewellery
 r - a ring of see invisible
Scrolls
 j - 10 scrolls of identify {unknown}
 l - a scroll of poison {unknown}
 m - 3 scrolls of magic mapping {unknown}
 n - 2 scrolls of teleportation {unknown}
 t - 3 scrolls of brand weapon {unknown}
Potions
 f - a potion of might {unknown}
 h - 3 potions of heal wounds {unknown}
 i - 2 potions of degeneration {unknown}
 p - a potion of curing {unknown}
 q - a potion of magic {unknown}
 s - a potion of flight {unknown}


   Skills:
 + Level 2.5 Fighting
 + Level 3.9 Long Blades
 + Level 2.0 Throwing
 + Level 0.8 Armour
 + Level 2.7 Dodging
 + Level 1.6 Shields


You had 3 spell levels left.
You didn't know any spells.
Your spell library contained the following spells:

 Spells                   Type           Power      Damage    Failure   Level
 Wereblood                Tmut           0%         N/A       100%        2
 Ignite Poison            Fire/Tmut/Pois 0%         N/A       100%        3
 Sticky Flame             Conj/Fire      0%         2d3       100%        4
 Summon Hydra             Summ           0%         N/A       100%        7
 Ignition                 Fire           0%         3d3       100%        8
 Sublimation of Blood     Necr           Unusable   N/A       N/A         2

Dungeon Overview and Level Annotations

Branches:
Dungeon (4/15)
 Temple: D:4-7

Altars:
Yredelemnul

Annotations:
D:4 Pikel


Innate Abilities, Weirdness & Mutations

You are immune to sickness and miasma.
Your stone body is resilient. (AC +3)
You are immune to poison.
You resist negative energy. (rN+)
You are resistant to electric shocks. (rElec)
You are resistant to unholy torment.
You are immune to petrification.


Message History

You block the black bear's attack.
The black bear claws you but does no damage.
You barely miss the black bear.
The black bear is almost dead.
The black bear barely misses you. You block the black bear's attack. x2
The black bear bites you. The black bear claws you.
The black bear claws you but does no damage.
The black bear bites you.
* * * LOW HITPOINT WARNING * * *
You block the black bear's attack.
The black bear claws you but does no damage.
You hit the black bear but do no damage.
The black bear is almost dead.
You block the black bear's attack.
The black bear claws you but does no damage.
The black bear claws you.
* * * LOW HITPOINT WARNING * * *
The black bear bites you but does no damage.
You block the black bear's attack.
The black bear claws you but does no damage.
You hit the black bear.
The black bear is almost dead.
The black bear bites you but does no damage.
The black bear claws you but does no damage.
The black bear claws you.
* * * LOW HITPOINT WARNING * * *
The black bear barely misses you.
The black bear claws you but does no damage.
You block the black bear's attack.
The black bear bites you but does no damage.
The black bear claws you but does no damage.
You block the black bear's attack.
You barely miss the black bear.
The black bear is almost dead.
You block the black bear's attack.
The black bear claws you but does no damage. x2
The black bear bites you.
* * * LOW HITPOINT WARNING * * *
The black bear claws you.
You die...

#......#
#......#
#......#
#......#
#......#
#......#
#......#
#......#
#....@h#
########


You could see a black bear (berserk).

Vanquished Creatures
  Robin (D:3)
  A worm (D:2)
  3 dart slugs
  An orc (D:3)
  A ball python (D:1)
  6 bats
  8 endoplasms
  3 giant cockroaches
  21 goblins
  12 hobgoblins
  2 jackals (D:2)
  2 quokkas
  5 frilled lizards
  4 kobolds
  4 rats
74 creatures vanquished.

Notes
Turn   | Place    | Note
-------+----------+-------------------------------------------
     0 | D:1      | Ahpoh the Gargoyle Gladiator began the quest for the Orb.
     0 | D:1      | Reached XP level 1. HP: 12/12 MP: 1/1
   121 | D:1      | Reached XP level 2. HP: 18/18 MP: 2/2
   162 | D:1      | Reached skill level 3 in Long Blades
   658 | D:2      | Reached XP level 3. HP: 22/22 MP: 3/3
  1188 | D:3      | Reached XP level 4. HP: 27/27 MP: 4/4
  1261 | D:3      | Found Tiaxeese's Armour Boutique.
  1310 | D:3      | Reached skill level 1 in Shields
  1457 | D:3      | Noticed Robin
  1508 | D:3      | Killed Robin
  1637 | D:3      | Found a basalt altar of Yredelemnul.
  2062 | D:4      | Noticed Pikel
  2062 | D:4      | Noticed a lemure
  2062 | D:4      | Noticed a lemure
  2062 | D:4      | Noticed a lemure
  2062 | D:4      | Noticed a lemure
  2155 | D:4      | Noticed a black bear
  2218 | D:4      | Noticed an ice beast
  2343 | D:4      | Slain by a black bear

Illustrated notes

Levels and vault maps discovered:
D:1:      enne_arrival_octagon_isle, layout_basic
D:2:      kennysheep_the_goblin_king, layout_basic
D:3:      layout_basic, mainiacjoe_overflow_cross_hatched, serial_shops,
          shop_coins, uniq_robin
D:4:      layout_rooms, led_sif_book, mainiacjoe_overflow_six_doors_small,
          uniq_blork_the_orc, uniq_pikel, uniq_duvessa

Skill      XL: |  1  2  3  4 |
---------------+-------------+-----
Long Blades    | 3 |  3.9
Throwing       | 2 |  2.0
Shields        | 1 |  1.6
Fighting       | |  2.5
Armour         | |  0.8
Dodging        | |  2.7

Action                     |  1- 3 |  4- 6 || total
---------------------------+-------+-------++-------
  Melee: Long sword        |   150 |   131 ||   281
  Throw: Throwing net      |       |     3 ||     3
 Armour: Leather armour    |    83 |     6 ||    89
         Chain mail        |       |   111 ||   111
  Dodge: Dodged            |    40 |    29 ||    69
  Block: Tower shield      |    95 |   106 ||   201

Table legend: (Time is in decaauts)
 A = Elapsed time spent in this place.
 B = Non-inter-level travel time spent in this place.
 C = Inter-level travel time spent in this place.
 D = Time resting spent in this place.
 E = Time spent auto-exploring this place.
 F = Levels seen in this place.
 G = Mean time per level.
                   A        B        C        D        E       F      G
               +--------+--------+--------+--------+--------+-----+--------+
         Total |   2530 |   2440 |     90 |      0 |   1215 |   4 |  632.5 |
       Dungeon |   2530 |   2440 |     90 |      0 |   1215 |   4 |  632.5 |
               +--------+--------+--------+--------+--------+-----+--------+

Top non-repeatable levels by time:
     D:3: 1180 daAuts
     D:1: 647 daAuts
     D:2: 635 daAuts
     D:4: 67 daAuts
